 Dungeon Crawl Stone Soup version 0.28.0-53-g5a82cb258f (webtiles) character file.

Game seed: 16913347368979708986

140 DildoBatman the Conjurer (level 5, -1/38 HPs)
             Began as a Formicid Conjurer on July 4, 2022.
             Slain by an iguana (10 damage)
             ... on level 3 of the Dungeon.
             The game lasted 00:06:11 (2335 turns).

DildoBatman the Conjurer (Formicid Conjurer)        Turns: 2335, Time: 00:06:11

Health: -1/38      AC:  3    Str: 11    XL:     5   Next: 46%
Magic:  6/9        EV: 12    Int: 18    God:
Gold:   96         SH:  0    Dex: 11    Spells: 7/10 levels left

rFire   . . .      SeeInvis +   b - +0 hunting sling
rCold   . . .      Faith    .   (no shield)
rNeg    . . .      Spirit   .   g - +0 robe
rPois   .          Reflect  .   (helmet unavailable)
rElec   .          Harm     .   q - +0 cloak
rCorr   +          Rampage  .   (no gloves)
Will    .....                   (no boots)
Stlth   ++........              (no amulet)
HPRegen 0.12/turn               h - ring of resist corrosion
MPRegen 0.11/turn               (no ring)

@: no status effects
A: permanent stasis, dig shafts and tunnels, antennae 3, four strong arms
a: Dig, Shaft Self


You were on level 3 of the Dungeon.
You visited 1 branch of the dungeon, and saw 4 of its levels.

You collected 96 gold pieces.

Inventory:

Hand Weapons
 a - a +1 whip of venom
 b - a +0 hunting sling (weapon)
 d - a +0 long sword
Missiles
 e - 34 stones (quivered ammo)
 i - 49 arrows
 k - 9 bolts
 n - 16 sling bullets
Armour
 g - a +0 robe (worn)
 q - a +0 cloak (worn)
Jewellery
 h - a ring of resist corrosion (left hand)
Wands
 t - a wand of iceblast (3)
Scrolls
 c - 3 scrolls of teleportation {unknown}
 l - 2 scrolls of magic mapping {unknown}
 m - 2 scrolls of noise {unknown}
 o - 2 scrolls of immolation {unknown}
 p - a scroll of fear {unknown}
 r - 3 scrolls of identify {unknown}
Potions
 f - 3 potions of curing
 j - 2 potions of degeneration {unknown}
 s - 2 potions of haste {unknown}


   Skills:
 * Level 1.8 Fighting
 * Level 1.8 Armour
 - Level 1.7 Dodging
 - Level 2.4 Stealth
 * Level 3.0 Spellcasting
 * Level 4.7 Conjurations


You had 7 spell levels left.
You knew the following spells:

 Your Spells              Type           Power      Damage    Failure   Level
a - Searing Ray           Conj           38%        2d5       3%          2
c - Magic Dart            Conj           76%        1d6       2%          1

Your spell library contained the following spells:

 Spells                   Type           Power      Damage    Failure   Level
 Dazzling Flash           Conj/Hex       22%        N/A       19%         3
 Fulminant Prism          Conj/Hex       5%         3d7       52%         4
 Iskenderun's Mystic Bla  Conj/Tloc      11%        2d4       52%         4


Dungeon Overview and Level Annotations

Branches:
Dungeon (4/15)
 Temple: D:4-7

Altars:

Shops:
D:1 !

Annotations:
D:3 2 runed translucent doors, JozkaLipnik's ghost, amateur HOFi


Innate Abilities, Weirdness & Mutations

You cannot be hasted, slowed, berserked, paralysed or teleported.
You can dig through walls and to a lower floor.
You have a pair of large antennae on your head. (SInv)
Your four strong arms can wield two-handed weapons with a shield.


Message History

The adder misses you.
Casting: Searing Ray (safe; 3% risk of failure)
Confirm with . or Enter, or press ? or * to list all spells.
Aiming: Searing Ray (safe; 3% risk of failure)
Press: ? - help, Shift-Dir - straight line, f - adder
Aim: an adder (63% to hit)
The searing ray misses the adder.
The searing ray hits the iguana!
The iguana is heavily wounded. (Press . to maintain the ray.)
The adder closely misses you.
The searing ray misses the adder.
The searing ray misses the iguana.
The adder bites you but does no damage.
The searing ray hits the adder.
The adder is severely wounded.
The searing ray hits the iguana.
The iguana is heavily wounded.
The adder misses you. The adder bites you.
You are poisoned.
The adder poisons you!
The searing ray hits the adder!
You kill the adder!
The searing ray hits the iguana.
The iguana is heavily wounded.
You finish channelling your searing ray.
You feel sick.
You feel sick.
You feel sick.
You feel sick.
The iguana bites you but does no damage.
You feel sick.
You are no longer poisoned.
There is a stone staircase leading up here.
There is a stone staircase leading up here.
You see here a bat skeleton.
JozkaLipnik's ghost turns its malevolent gaze towards you.
The iguana bites you!
You die...

......## #........# .......##
##÷.#.####
........###########.#.########
........#r≈≈≈≈≈≈≈≈#....#.....##
........+≈≈≈≈(w≈≈r+...........##
........#≈≈≈{≈W{{B#............#
........###########............#
........÷......#.l.............#
..........>...<#@.....÷........#
........#......#...............#
........#.......#.............##
........##......##.....#.....##
................#####..#######
......###........#......#
####.#..................# #
#....##....####......# #
##÷...#......###......#


You could see an iguana.

Vanquished Creatures
  A centaur skeleton (D:3)
  4 adders
  An orc (D:3)
  7 ball pythons
  11 bats
  2 endoplasms (D:1)
  4 giant cockroaches
  7 hobgoblins
  14 jackals (D:1)
  A quokka (D:1)
  2 frilled lizards
  9 goblins
  6 kobolds
  2 rats
  2 bushes (D:2)
73 creatures vanquished.

Vanquished Creatures (others)
  A plant (D:2)
1 creature vanquished.

Grand Total: 74 creatures vanquished

Notes
Turn   | Place    | Note
-------+----------+-------------------------------------------
     0 | D:1      | DildoBatman the Formicid Conjurer began the quest for the
                  | Orb.
     0 | D:1      | Reached XP level 1. HP: 13/13 MP: 3/3
   170 | D:1      | Reached skill level 4 in Conjurations
   170 | D:1      | Reached XP level 2. HP: 19/19 MP: 1/5
   186 | D:1      | Learned a level 2 spell: Searing Ray
   426 | D:1      | Reached XP level 3. HP: 18/24 MP: 2/6
   606 | D:1      | Found Upuilof's Distillery.
   616 | D:1      | Found a faded altar of an unknown god.
   832 | D:2      | Reached XP level 4. HP: 31/31 MP: 4/7
   910 | D:2      | Reached skill level 1 in Armour
   948 | D:2      | Reached skill level 1 in Fighting
  1930 | D:3      | Found a runed translucent door.
  1938 | D:3      | Noticed JozkaLipnik's ghost (amateur HOFi)
  1976 | D:3      | Reached XP level 5. HP: 32/37 MP: 3/9
  1981 | D:3      | Found a runed translucent door.
  2335 | D:3      | Slain by an iguana

Illustrated notes

Levels and vault maps discovered:
D:1:      ebering_trefoil_3fold, layout_loops_ring, serial_shops, shop,
          shapermc_ecumenical_altar_totnotflames
D:2:      layout_loops_cross, serial_forest, infiniplex_forest_zigzag_1,
          infiniplex_forest_lined_1, infiniplex_forest_straight_2,
          infiniplex_forest_straight_4, infiniplex_forest_clump_cross,
          infiniplex_forest_lined_2, infiniplex_forest_side_room, minivault_4
D:3:      layout_rooms, ebering_ghost_sewer_f, kennysheep_cross_bottleneck,
          mrwooster_statue_mirror
D:4:      layout_gridville, minmay_temple_entry_ruins,
          kennysheep_generic_room_4, uniq_robin, uniq_menkaure, uniq_edmund

Skill      XL: |  1  2  3  4  5 |
---------------+----------------+-----
Conjurations   | 4 |  4.7
Armour         | 1 |  1.8
Fighting       | 1 |  1.8
Spellcasting   | 3 |  3.0
Dodging        | |  1.7
Stealth        | |  2.4

Action                   |  1- 3 |  4- 6 || total
-------------------------+-------+-------++-------
Melee: Punch             |     1 |     1 ||     2
       Unarmed           |     1 |       ||     1
       Whip              |    17 |   108 ||   125
 Fire: Hunting sling     |       |    27 ||    27
 Cast: Magic Dart        |    24 |    19 ||    43
       Searing Ray       |     7 |     8 ||    15
 Abil: Dig               |       |     1 ||     1
  Use: Potion            |       |     1 ||     1
 Stab: Sleeping          |     1 |       ||     1
Armor: Robe              |    11 |    11 ||    22
Dodge: Dodged            |    27 |    22 ||    49
